TOP OF THE 1ST |
New Orleans Looters batting - Pitching for El Dorado Oilers : RHP Barton Johnson
|
Pitching: RHP Barton Johnson
|
|
Batting: RHB Jeff Townsley
|
0-0: Called Strike 0-1: Swinging Strike 0-2: Ground out 6-3 (Groundball, 6)
|
Batting: LHB Eduardo Rodríguez
|
0-0: Fly out, F7 (Flyball, 7S)
|
Batting: LHB John Hudson
|
0-0: Ball 1-0: Ball 2-0: Ground out 4-3 (Groundball, 4)
|
Top of the 1st over - 0 runs, 0 hits, 0 errors, 0 left on base; New Orleans 0 - El Dorado 0 |
BOTTOM OF THE 1ST |
El Dorado Oilers batting - Pitching for New Orleans Looters : RHP Edward Baker
|
Pitching: RHP Edward Baker
|
|
Batting: RHB Tony Hernández
|
0-0: Swinging Strike 0-1: Ball 1-1: Swinging Strike 1-2: Strikes out swinging
|
Batting: RHB José Carlos Caraballo
|
0-0: Ball 1-0: Called Strike 1-1: SINGLE (Line Drive, 34)
|
Batting: LHB José Hernández
|
0-0: Called Strike 0-1: SINGLE (Flyball, 89M) José Carlos Caraballo to second Throwing error, E8 José Carlos Caraballo scores José Hernández to second
|
Batting: RHB Ernesto Acosta
|
0-0: Called Strike 0-1: Ball 1-1: Swinging Strike 1-2: Ball 2-2: Fly out, F7 (Flyball, 78M)
|
Batting: LHB Chris Miller
|
0-0: Ball 1-0: Called Strike 1-1: Foul Ball, location: 2F 1-2: Foul Ball, location: 2F 1-2: Ball 2-2: SINGLE (Line Drive, 56D) José Hernández to third Runner from 3rd tries for Home, SAFE, no throw
|
Batting: LHB Ashley Pickhills
|
0-0: Ground out U3 (Groundball, 3)
|
Bottom of the 1st over - 2 runs, 3 hits, 1 error, 1 left on base; New Orleans 0 - El Dorado 2 |
TOP OF THE 2ND |
New Orleans Looters batting - Pitching for El Dorado Oilers : RHP Barton Johnson
|
Batting: RHB Dave O'Loan
|
0-0: Ball 1-0: Called Strike 1-1: Ball 2-1: Ball 3-1: Called Strike 3-2: SINGLE (Line Drive, 89M)
|
Batting: SHB Oliver Deleón
|
0-0: Foul Ball, location: 2F 0-1: Called Strike 0-2: Ball 1-2: SINGLE (Groundball, 34D) Dave O'Loan to second Runner from 2nd tries for 3rd, SAFE, no throw
|
Batting: RHB Ramón Hernández
|
0-0: Called Strike 0-1: Fly out, F8 (Flyball, 78S) Runner from 3rd tags up, SCORES, no throw
|
Batting: RHB Greg Handrahan
|
0-0: Fly out, F4 (Popup, 4)
|
Batting: RHB Tim Gardner
|
0-0: Swinging Strike 0-1: Foul Ball, location: 2F 0-2: Ball 1-2: Strikes out swinging
|
Top of the 2nd over - 1 run, 2 hits, 0 errors, 1 left on base; New Orleans 1 - El Dorado 2 |
BOTTOM OF THE 2ND |
El Dorado Oilers batting - Pitching for New Orleans Looters : RHP Edward Baker
|
Batting: RHB Nick Webb
|
0-0: Ball 1-0: Swinging Strike 1-1: Ball 2-1: Ball 3-1: SINGLE (Groundball, 34D)
|
Batting: SHB Theron Harper
|
0-0: Called Strike 0-1: Foul Ball, location: 2F 0-2: Ball 1-2: Strikes out swinging
|
Batting: RHB Vicente Carona
|
Pickoff Throw to First - Out! 0-0: Ball 1-0: SINGLE (Groundball, 6MD)
|
Batting: RHB Tony Hernández
|
0-0: Ball 1-0: Ball 2-0: Called Strike 2-1: Swinging Strike 2-2: Fly out, F7 (Flyball, 7LS)
|
Bottom of the 2nd over - 0 runs, 2 hits, 0 errors, 1 left on base; New Orleans 1 - El Dorado 2 |
TOP OF THE 3RD |
New Orleans Looters batting - Pitching for El Dorado Oilers : RHP Barton Johnson
|
Batting: RHB Run-ming Zhu
|
0-0: Ball 1-0: Called Strike 1-1: Foul Ball, location: 2F 1-2: Foul Ball, location: 2F 1-2: Ball 2-2: Foul Ball, location: 2F 2-2: Foul Ball, location: 2F 2-2: Ball 3-2: Ground out 6-3 (Groundball, 6)
|
Batting: RHB Jeff Townsley
|
0-0: Foul Ball, location: 2F 0-1: SINGLE (Groundball, 6MS) (infield hit)
|
Batting: LHB Eduardo Rodríguez
|
0-0: Ball 1-0: Called Strike 1-1: Ball 2-1: Swinging Strike 2-2: SINGLE (Groundball, 3) (infield hit) Jeff Townsley to second
|
Batting: LHB John Hudson
|
0-0: Foul Ball, location: 2F 0-1: Ball 1-1: Foul Ball, location: 2F 1-2: Strikes out looking
|
Batting: RHB Dave O'Loan
|
Pickoff Throw to Second - Error! E1 Jeff Townsley to third Eduardo Rodríguez to second 0-0: Called Strike 0-1: Ball 1-1: Foul Ball, location: 2F 1-2: Ball 2-2: Ground out 5-3 (Groundball, 56D)
|
Top of the 3rd over - 0 runs, 2 hits, 1 error, 2 left on base; New Orleans 1 - El Dorado 2 |
BOTTOM OF THE 3RD |
El Dorado Oilers batting - Pitching for New Orleans Looters : RHP Edward Baker
|
Batting: RHB José Carlos Caraballo
|
0-0: Ball 1-0: Ball 2-0: Ball 3-0: Called Strike 3-1: Base on Balls
|
Batting: LHB José Hernández
|
0-0: Ball 1-0: Called Strike 1-1: Fly out, F8 (Flyball, 89D)
|
Batting: RHB Ernesto Acosta
|
0-0: Ball 1-0: Called Strike 1-1: Swinging Strike 1-2: Fly out, F8 (Flyball, 8RS)
|
Batting: LHB Chris Miller
|
0-0: Ball 1-0: Ball 2-0: Ground out 4-3 (Groundball, 4)
|
Bottom of the 3rd over - 0 runs, 0 hits, 0 errors, 1 left on base; New Orleans 1 - El Dorado 2 |
TOP OF THE 4TH |
New Orleans Looters batting - Pitching for El Dorado Oilers : RHP Barton Johnson
|
Batting: SHB Oliver Deleón
|
0-0: DOUBLE (Flyball, 8LXD)
|
Batting: RHB Ramón Hernández
|
0-0: Ball 1-0: Swinging Strike 1-1: Foul Ball, location: 2F 1-2: Ball 2-2: Ball 3-2: Ground out 4-3 (Groundball, 4) Oliver Deleón to third
|
Batting: RHB Greg Handrahan
|
0-0: Called Strike 0-1: Ball 1-1: Foul Ball, location: 2F 1-2: Strikes out swinging
|
Batting: RHB Tim Gardner
|
0-0: Called Strike 0-1: Hit by Pitch
|
Batting: RHB Run-ming Zhu
|
0-0: Called Strike 0-1: Ball 1-1: Ball 2-1: Fly out, F4 (Line Drive, 4M)
|
Top of the 4th over - 0 runs, 1 hit, 0 errors, 2 left on base; New Orleans 1 - El Dorado 2 |
BOTTOM OF THE 4TH |
El Dorado Oilers batting - Pitching for New Orleans Looters : RHP Edward Baker
|
Batting: LHB Ashley Pickhills
|
0-0: Swinging Strike 0-1: Swinging Strike 0-2: Foul Ball, location: 2F 0-2: Fly out, F7 (Flyball, 7LM)
|
Batting: RHB Nick Webb
|
0-0: Swinging Strike 0-1: Fly out, F7 (Flyball, 78D)
|
Batting: SHB Theron Harper
|
0-0: Called Strike 0-1: Ground out 3-1 (Groundball, 34)
|
Bottom of the 4th over - 0 runs, 0 hits, 0 errors, 0 left on base; New Orleans 1 - El Dorado 2 |
TOP OF THE 5TH |
New Orleans Looters batting - Pitching for El Dorado Oilers : RHP Barton Johnson
|
Pitching: RHP Ken Lyons
|
|
Batting: RHB Jeff Townsley
|
0-0: Called Strike 0-1: Ball 1-1: Swinging Strike 1-2: Foul Ball, location: 2F 1-2: Ball 2-2: Strikes out swinging
|
Batting: LHB Eduardo Rodríguez
|
0-0: Ball 1-0: Foul Ball, location: 2F 1-1: Ball 2-1: SINGLE (Line Drive, 56D)
|
Batting: LHB John Hudson
|
0-0: Called Strike 0-1: Ball 1-1: Ball 2-1: Fly out, F4 (Flyball, 34D)
|
Batting: RHB Dave O'Loan
|
0-0: Called Strike 0-1: Ball 1-1: Called Strike 1-2: Fly out, F8 (Flyball, 8LM)
|
Top of the 5th over - 0 runs, 1 hit, 0 errors, 1 left on base; New Orleans 1 - El Dorado 2 |
BOTTOM OF THE 5TH |
El Dorado Oilers batting - Pitching for New Orleans Looters : RHP Edward Baker
|
Pitching: RHP Fergus Wakeford
|
|
Batting: RHB Vicente Carona
|
0-0: Ball 1-0: Swinging Strike 1-1: Fly out, F8 (Flyball, 78M)
|
Batting: RHB Tony Hernández
|
0-0: Called Strike 0-1: Foul Ball, location: 2F 0-2: Ball 1-2: Strikes out swinging
|
Batting: RHB José Carlos Caraballo
|
0-0: Ball 1-0: Swinging Strike 1-1: Ball 2-1: Ball 3-1: Base on Balls
|
Batting: LHB José Hernández
|
0-0: Ball 1-0: Fly out, F7 (Flyball, 7S)
|
Bottom of the 5th over - 0 runs, 0 hits, 0 errors, 1 left on base; New Orleans 1 - El Dorado 2 |
TOP OF THE 6TH |
New Orleans Looters batting - Pitching for El Dorado Oilers : RHP Ken Lyons
|
Batting: SHB Oliver Deleón
|
0-0: Called Strike 0-1: Ball 1-1: Called Strike 1-2: Fly out, F8 (Flyball, 8LXD)
|
Batting: RHB Ramón Hernández
|
0-0: Called Strike 0-1: Ball 1-1: Ground out 6-3 (Groundball, 6)
|
Batting: RHB Greg Handrahan
|
0-0: Ground out 6-3 (Groundball, 6)
|
Top of the 6th over - 0 runs, 0 hits, 0 errors, 0 left on base; New Orleans 1 - El Dorado 2 |
BOTTOM OF THE 6TH |
El Dorado Oilers batting - Pitching for New Orleans Looters : RHP Fergus Wakeford
|
Batting: RHB Ernesto Acosta
|
0-0: Foul Ball, location: 2F 0-1: Ground out 1-3 (Groundball, 13S)
|
Batting: LHB Chris Miller
|
0-0: Foul Ball, location: 2F 0-1: Ball 1-1: Ground out U3 (Groundball, 3)
|
Batting: LHB Ashley Pickhills
|
0-0: Foul Ball, location: 2F 0-1: Ball 1-1: Ball 2-1: Ball 3-1: Foul Ball, location: 2F 3-2: Fly out, F7 (Flyball, 7LM)
|
Bottom of the 6th over - 0 runs, 0 hits, 0 errors, 0 left on base; New Orleans 1 - El Dorado 2 |
TOP OF THE 7TH |
New Orleans Looters batting - Pitching for El Dorado Oilers : RHP Ken Lyons
|
Batting: RHB Tim Gardner
|
0-0: Ball 1-0: Foul Ball, location: 2F 1-1: Swinging Strike 1-2: Ball 2-2: Ball 3-2: Base on Balls
|
Batting: RHB Run-ming Zhu
|
0-0: Ball 1-0: Ball 2-0: Sac Bunt - play at first, batter OUT! 3-4 Tim Gardner to second
|
Pinch Hitting: RHB Millard Stark
|
0-0: Foul Ball, location: 2F 0-1: Ball 1-1: Foul Ball, location: 2F 1-2: Foul Ball, location: 2F 1-2: DOUBLE (Flyball, 8LXD) Tim Gardner scores
|
Pinch Hitting: LHB Taylor Smith
|
0-0: Called Strike 0-1: Foul Ball, location: 2F 0-2: Ball 1-2: Ball 2-2: DOUBLE (Line Drive, 9LS) Millard Stark scores
|
Batting: SHB Arturo Sánchez
|
0-0: Intentional Walk
|
Pitching: RHP César López
|
|
Pinch Hitting: LHB Miguel Colón
|
0-0: Called Strike Taylor Smith is caught stealing 3rd base Arturo Sánchez to second 0-1: Ball 1-1: Ball 2-1: Foul Ball, location: 2F 2-2: Ground out U3 (Groundball, 3)
|
Top of the 7th over - 2 runs, 2 hits, 0 errors, 1 left on base; New Orleans 3 - El Dorado 2 |
BOTTOM OF THE 7TH |
El Dorado Oilers batting - Pitching for New Orleans Looters : RHP Fergus Wakeford
|
Now at SS: Mario Álvarez
|
|
Now in LF: Millard Stark
|
|
Now in CF: Miguel Colón
|
|
Batting: RHB Nick Webb
|
0-0: Called Strike 0-1: Ground out 5-3 (Groundball, 5)
|
Batting: SHB Theron Harper
|
0-0: Called Strike 0-1: Foul Ball, location: 2F 0-2: Fly out, F3 (Line Drive, 34)
|
Batting: RHB Vicente Carona
|
0-0: Ball 1-0: Swinging Strike 1-1: SINGLE (Line Drive, 78S)
|
Pinch Hitting: LHB Robinson López
|
0-0: Ball 1-0: Foul Ball, location: 2F 1-1: Ball 2-1: Fly out, F7 (Flyball, 7S)
|
Bottom of the 7th over - 0 runs, 1 hit, 0 errors, 1 left on base; New Orleans 3 - El Dorado 2 |
TOP OF THE 8TH |
New Orleans Looters batting - Pitching for El Dorado Oilers : RHP César López
|
Now at 3B: Orlando Aguilar
|
|
Pinch Hitting: RHB Rubén Vázquez
|
0-0: Swinging Strike 0-1: Ball 1-1: SINGLE (Groundball, 34D)
|
Pinch Hitting: RHB Albert Lutz
|
0-0: Ball 1-0: Sac Bunt - play at first, batter OUT! 3-4 Rubén Vázquez to second
|
Pinch Hitting: RHB Dan Banks
|
0-0: Swinging Strike 0-1: Foul Ball, location: 2F 0-2: Foul Ball, location: 2F 0-2: DOUBLE (Flyball, 8RXD) Rubén Vázquez scores
|
Pinch Hitting: LHB Ryan Flynn
|
0-0: Ball 1-0: Ball 2-0: SINGLE (Line Drive, 8RS) Dan Banks to third Runner from 3rd tries for Home, SAFE, no throw
|
Batting: RHB Run-ming Zhu
|
0-0: Ball 1-0: Swinging Strike 1-1: Ball 2-1: Foul Ball, location: 2F 2-2: Ball 3-2: Base on Balls Ryan Flynn to second
|
Batting: RHB Millard Stark
|
0-0: Foul Ball, location: 2F 0-1: Foul Ball, location: 2F 0-2: Strikes out swinging
|
Batting: LHB Mario Álvarez
|
0-0: Called Strike 0-1: 3-RUN HOME RUN (Flyball, 9LD), Distance : 358 ft
|
Batting: SHB Arturo Sánchez
|
0-0: Ball 1-0: Ground out 5-3 (Groundball, 56)
|
Top of the 8th over - 5 runs, 4 hits, 0 errors, 0 left on base; New Orleans 8 - El Dorado 2 |
BOTTOM OF THE 8TH |
El Dorado Oilers batting - Pitching for New Orleans Looters : RHP Fergus Wakeford
|
Now at 1B: Dan Banks
|
|
Now at 2B: Travis Martin
|
|
Now at 3B: Justin Harris
|
|
Now in RF: Rubén Vázquez
|
|
Batting: RHB José Carlos Caraballo
|
0-0: Ball 1-0: DOUBLE (Line Drive, 8LD)
|
Batting: RHB Sixto Vélez
|
0-0: SINGLE (Groundball, 6) (infield hit) José Carlos Caraballo to third
|
Pinch Hitting: LHB Al Gaines
|
0-0: Foul Ball, location: 2F 0-1: Called Strike 0-2: Ball 1-2: Strikes out swinging
|
Pinch Hitting: LHB José Rivera
|
0-0: Ball 1-0: Foul Ball, location: 2F 1-1: Ball 2-1: SINGLE (Groundball, 4D) José Carlos Caraballo scores Sixto Vélez to second Runner from 2nd tries for 3rd, SAFE, no throw
|
Batting: LHB Ashley Pickhills
|
0-0: Ball 1-0: Called Strike 1-1: Foul Ball, location: 2F 1-2: Ball 2-2: Fielders Choice at 2nd, 1-6 (Groundball, 13)
|
Pinch Hitting: LHB Mathew Clayton
|
0-0: Called Strike 0-1: Foul Ball, location: 2F 0-2: Ball 1-2: Ball 2-2: Ball 3-2: Foul Ball, location: 2F 3-2: Base on Balls Ashley Pickhills to second
|
Pitching: LHP Ánibal Barajas
|
|
Pinch Hitting: RHB Chris Parker
|
0-0: Called Strike 0-1: Swinging Strike 0-2: Strikes out swinging
|
Bottom of the 8th over - 1 run, 3 hits, 0 errors, 3 left on base; New Orleans 8 - El Dorado 3 |
TOP OF THE 9TH |
New Orleans Looters batting - Pitching for El Dorado Oilers : RHP César López
|
Now at 1B: José Rivera
|
|
Now at 2B: José Montoya
|
|
Now at SS: Chris Parker
|
|
Now in RF: Al Gaines
|
|
Batting: LHB Miguel Colón
|
0-0: Ball 1-0: Ball 2-0: Ball 3-0: Base on Balls
|
Batting: RHB Rubén Vázquez
|
0-0: Fielders Choice at 2nd, 4-6 (Groundball, 34)
|
Batting: SHB Travis Martin
|
0-0: Called Strike 0-1: Fly out, F7 (Flyball, 7)
|
Batting: RHB Dan Banks
|
0-0: Foul Ball, location: 2F 0-1: Called Strike 0-2: Foul Ball, location: 2F 0-2: Foul Ball, location: 2F 0-2: Fielders Choice at 2nd, 6-4 (Groundball, 56)
|
Top of the 9th over - 0 runs, 0 hits, 0 errors, 1 left on base; New Orleans 8 - El Dorado 3 |
BOTTOM OF THE 9TH |
El Dorado Oilers batting - Pitching for New Orleans Looters : LHP Ánibal Barajas
|
Batting: RHB Vicente Carona
|
0-0: Called Strike 0-1: Ball 1-1: Foul Ball, location: 2F 1-2: Fly out, F5 (Line Drive, 56)
|
Batting: SHB Orlando Aguilar
|
0-0: Ball 1-0: Foul Ball, location: 2F 1-1: Foul Ball, location: 2F 1-2: SOLO HOME RUN (Line Drive, 9LD), Distance : 357 ft
|
Batting: RHB José Carlos Caraballo
|
0-0: Ball 1-0: Called Strike 1-1: Ball 2-1: Ball 3-1: Reached on error, E5 (Groundball, 56S)
|
Batting: RHB Sixto Vélez
|
0-0: Ball 1-0: Ball 2-0: Ball 3-0: Foul Ball, location: 2F 3-1: Called Strike 3-2: Foul Ball, location: 2F 3-2: Base on Balls José Carlos Caraballo to second
|
Pitching: LHP Juan Méndez
|
|
Batting: LHB Al Gaines
|
0-0: Swinging Strike 0-1: Foul Ball, location: 2F 0-2: Foul Ball, location: 2F 0-2: Ball 1-2: Ball 2-2: Foul Ball, location: 2F 2-2: Ball 3-2: Strikes out swinging
|
Batting: LHB José Rivera
|
0-0: Ball 1-0: Foul Ball, location: 2F 1-1: SINGLE (Groundball, 4D) José Carlos Caraballo to third Sixto Vélez to second
|
Pinch Hitting: RHB Carlos Vásquez
|
0-0: Ball 1-0: Ball 2-0: Called Strike 2-1: Swinging Strike 2-2: Ball 3-2: DOUBLE (Line Drive, 9LD) José Carlos Caraballo scores Sixto Vélez scores José Rivera to third José Rivera scores
|
Batting: RHB José Montoya
|
0-0: Called Strike 0-1: Ball 1-1: Ball 2-1: Foul Ball, location: 2F 2-2: Foul Ball, location: 2F 2-2: Ball 3-2: Strikes out swinging
|
Bottom of the 9th over - 4 runs, 3 hits, 1 error, 1 left on base; New Orleans 8 - El Dorado 7 |
|